 Dungeon Crawl Stone Soup version 0.32-a0-18-g89e19f1974 (webtiles) character file.

Game seed: 18181831871052570923

211 CowFu the Changeling (level 5, -2/45 HPs)
             Began as a Draconian Shapeshifter on Jan 17, 2024.
             Slain by a gnoll
             ... wielding a +0 whip
             ... led by a gnoll sergeant
              (4 damage)
             ... on level 4 of the Dungeon.
             The game lasted 00:03:16 (3152 turns).

CowFu the Changeling (Draconian Shapeshifter)       Turns: 3152, Time: 00:03:17

Health: -2/45      AC:  5    Str: 18    XL:     5   Next: 57%
Magic:  5/5        EV: 12    Int: 11    God:
Gold:   142        SH:  0    Dex: 10    Spells: 4/4 levels left

rFire   . .          .
                       - Unarmed
rCold   . . .        (no shield)
rNeg    . . .        (body armour unavailable)
rPois   .            (helmet currently unavailable)
rElec   .            (cloak currently unavailable)
rCorr   .            (gloves currently unavailable)
SInv    .            (boots currently unavailable)
Will    +....        (no amulet)
Stlth   +            h - ring of willpower
HPRegen 0.27/turn    (no ring)
MPRegen 0.09/turn

%: no passive effects
@: beast-form
A: beast (slay +2), AC +5, unfitting armour, cold-blooded
a: Begin Untransformation


You were on level 4 of the Dungeon.
You were a hulking beast.
You visited 1 branch of the dungeon, and saw 4 of its levels.

You collected 142 gold pieces.

Inventory:

Armour
 l - a +0 pair of gloves
 r - a +0 cloak
Jewellery
 h - a ring of willpower (left hand)
 q - an amulet of faith
Talismans
 b - a beast talisman
 c - a flux talisman
Scrolls
 f - 2 scrolls of identify
 j - a scroll of immolation
 k - 3 scrolls of teleportation {unknown}
 p - a scroll of enchant armour {unknown}
 t - a scroll of blinking {unknown}
 u - a scroll of silence {unknown}
Potions
 a - 2 potions of lignification
 d - 3 potions of enlightenment
 e - a potion of cancellation
 i - a potion of brilliance
 m - 2 potions of might
 n - a potion of curing
 o - a potion of magic {unknown}
 s - a potion of heal wounds {unknown}


   Skills:
 - Level 3.0 Fighting
 - Level 2.0 Dodging
 + Level 4.1 Unarmed Combat
 + Level 4.6 Shapeshifting


You had 4 spell levels left.
You didn't know any spells.
Your spell library contained the following spells:

 Spells                   Type           Power      Damage    Failure   Level
 Magic Dart               Conj           0%         1d3       34%         1
 Blink                    Tloc           0%         N/A       47%         2
 Call Imp                 Summ           0%         N/A       47%         2
 Sublimation of Blood     Necr           0%         N/A       47%         2
 Petrify                  Alch/Erth      0%         N/A       98%         4
 Irradiate                Conj/Alch      0%         3d11      100%        5


Dungeon Overview and Level Annotations

Branches:
Dungeon (4/15)
 Temple: D:4-7

Altars:


Innate Abilities, Weirdness & Mutations

You are a hulking beast.
Your limbs bulge with bestial killing power. (Slay +2)
Your plain brown scales are hard. (AC +5)
You cannot fit into any form of body armour.
You are cold-blooded and may be slowed by cold attacks.


Message History

You are too injured to fight recklessly!
You are too injured to fight recklessly!
You hit the gnoll.
You kill the gnoll!
The gnoll barely misses you. The gnoll hits you with a +0 spear!
* * * LOW HITPOINT WARNING * * *
Things that are here:
a +0 halberd; a gnoll corpse You hit the gnoll.
The gnoll is lightly wounded.
The gnoll hits you with a +0 spear.
* * * LOW HITPOINT WARNING * * *
You hit the gnoll.
The gnoll is severely wounded.
The gnoll hits you but does no damage.
It was a potion of curing.
You feel better. The gnoll closely misses you.
You hit the gnoll but do no damage. You tail-slap the gnoll.
You kill the gnoll!
You barely miss the gnoll. The gnoll attacks as it pursues you!
The gnoll barely misses you.
There is an open door, spattered with blood here.
Okay, then.
An orc comes into view. It is wielding a +0 flail.
The orc shouts!
The gnoll attacks as it pursues you! The gnoll hits you with a +0 whip.
* * * LOW HITPOINT WARNING * * *
The gnoll sergeant attacks as it pursues you!
The gnoll sergeant hits you from afar with a +0 heavy trident.
* * * LOW HITPOINT WARNING * * *
As you read the scroll labelled KYT JAIMUCK, it crumbles to dust.
You feel aware of your surroundings.
It was a scroll of revelation.
The gnoll hits you but does no damage.
A goblin comes into view. It is wielding a +0 club.
The gnoll sergeant hits you from afar with a +0 heavy trident!
* * * LOW HITPOINT WARNING * * *
As you read the scroll labelled WIFIEL NOANEAZ, it crumbles to dust.
The creatures around you are filled with an inner flame!
It was a scroll of immolation.
The gnoll hits you with a +0 whip.
You die...

*,,,,,,,,,,*,,,,,*****,,,,,,,,
****,,,,>...#.#g........*,,,,,,,,
,,,,,,,,,...#.#.#+#.###.*,,.,,,,,
,,,,,,,,,...#'#.#.#.###.*,*..<,,,
,,,,,,,,,.......#.#.#...*.#,#.*,,
,,,**+***##...o.#.#.#.###.#,#..,,
,,,**,* ##.....#.#.#.###.#.##..,
,,,**,* ##.......#.#.###.#......
,,,**,***##.....h...#.###.######.
,,,**,,,,...#####g†.#.#..........
,,,*****#########g..#.......####.
,,>+,,,,......))g...'............
,,,*****#################.#.#....
**,* #.............##.#.#..., *,*
#.............##'#.#...,
*,******#.............#....#)##.
*,*,,,,+#......♣......#....#.##.


You could see a gnoll sergeant (inner flame), a gnoll (inner flame), an orc
(inner flame) and a goblin (wandering, inner flame).

Vanquished Creatures
  An ogre (D:4)
  2 gnolls (D:4)
  3 adders
  2 dart slugs
  3 ribbon worms
  3 orcs (D:3)
  6 bats
  8 endoplasms
  2 giant cockroaches (D:1)
  3 hobgoblins
  13 ball pythons
  3 frilled lizards
  7 goblins
  10 kobolds
  3 rats
69 creatures vanquished.

Notes
Turn   | Place    | Note
-------+----------+-------------------------------------------
     0 | D:1      | CowFu the Draconian Shapeshifter began the quest for the
                  | Orb.
     0 | D:1      | Reached XP level 1. HP: 16/16 MP: 1/1
    97 | D:1      | Reached XP level 2. HP: 17/23 MP: 2/2
   783 | D:2      | Reached XP level 3. HP: 28/28 MP: 3/3
  1696 | D:3      | Identified the +0 helmet of Voracious Curiosity {Harm rCorr
                  | Int+5 Slay-6}
  1766 | D:3      | Reached XP level 4. HP: 28/36 MP: 4/4
  2923 | D:4      | Noticed an ogre
  2942 | D:4      | Killed an ogre
  2943 | D:4      | Reached XP level 5. HP: 14/45 MP: 5/5
  3151 | D:4      | HP: 2/45 [gnoll sergeant/+0 heavy trident (7)]
  3152 | D:4      | Slain by a gnoll

Illustrated notes

Levels and vault maps discovered:
D:1:      saegor_arrival_fortress, layout_rooms
D:2:      layout_basic, hangedman_decor_points
D:3:      layout_loops_corners, minmay_goblin_kobold_house
D:4:      layout_basic, kennysheep_generic_room_2

Skill      XL: |  1  2  3  4  5 |
---------------+----------------+-----
Dodging        | 2 |  2.0
Shapeshifting  | 4 |  4.6
Fighting       | 3 |  3.0
Unarmed Combat | 4 |  4.1

Action                     |  1- 3 |  4- 6 || total
---------------------------+-------+-------++-------
  Melee: Unarmed           |   114 |    64 ||   178
         Tailslap          |    10 |     5 ||    15
    Use: Scroll            |       |     6 ||     6
         Potion            |       |     2 ||     2
   Stab: Sleeping          |       |     1 ||     1
 Armour: Skin              |    55 |    41 ||    96
  Dodge: Dodged            |    74 |    29 ||   103

Table legend: (Time is in decaauts)
 A = Elapsed time spent in this place.
 B = Non-inter-level travel time spent in this place.
 C = Inter-level travel time spent in this place.
 D = Time resting spent in this place.
 E = Time spent auto-exploring this place.
 F = Levels seen in this place.
 G = Mean time per level.
                   A        B        C        D        E       F      G
               +--------+--------+--------+--------+--------+-----+--------+
         Total |   3144 |   3068 |     76 |      0 |   2638 |   4 |  786.0 |
       Dungeon |   3144 |   3068 |     76 |      0 |   2638 |   4 |  786.0 |
               +--------+--------+--------+--------+--------+-----+--------+

Top non-repeatable levels by time:
     D:3: 1005 daAuts
     D:2: 931 daAuts
     D:4: 618 daAuts
     D:1: 589 daAuts
